 Dungeon Crawl Stone Soup version 0.21-a0-531-gacddea6 (webtiles) character file.

16 teukkam the Skirmisher (level 2, -1/29 HPs)
             Began as a Gnoll Wanderer on Dec 13, 2017.
             Slain by a gnoll
             ... wielding a +0 club
              (4 damage)
             ... on level 1 of the Dungeon.
             The game lasted 00:03:10 (454 turns).

teukkam the Skirmisher (Gnoll Wanderer)              Turns: 454, Time: 00:03:10

Health: -1/29      AC:  3    Str: 16    XL:     2   Next: 58%
Magic:  2/2        EV: 11    Int: 13    God:
Gold:   15         SH:  0    Dex: 13    Spells: 1/1 levels left

rFire    . . .     SeeInvis .   b - +0 dagger
rCold    . . .     Gourm    .   (no shield)
rNeg     . . .     Faith    .   c - +0 leather armour (curse)
rPois    .         Spirit   .   (no helmet)
rElec    .         Reflect  .   (no cloak)
rCorr    .         Harm     .   (no gloves)
MR       .....     Rnd*Tele +   (no boots)
Stlth    ++........             (no amulet)
HPRegen  0.09/turn              h - ring of teleportation (curse)
MPRegen  0.08/turn              (no ring)

@: no status effects
A: distributed training, fangs 1, strong nose
a: no special abilities


You were on level 1 of the Dungeon.
You were not hungry.

You visited 1 branch of the dungeon, and saw 1 of its levels.

You collected 15 gold pieces.

Inventory:

Hand Weapons
 a - a +2 shortbow
 b - a +0 dagger (weapon)
Missiles
 e - 24 arrows
Armour
 c - a cursed +0 leather armour (worn)
Jewellery
 h - a cursed ring of teleportation (left hand)
Comestibles
 f - 2 bread rations


   Skills:
 + Level 6.5 Fighting
 + Level 0.4 Short Blades
 + Level 0.4 Long Blades
 + Level 0.4 Axes
 + Level 0.4 Maces & Flails
 + Level 0.4 Polearms
 + Level 0.4 Staves
 + Level 0.4 Slings
 + Level 2.5 Bows
 + Level 0.4 Crossbows
 + Level 0.4 Throwing
 + Level 4.5 Armour
 + Level 0.4 Dodging
 + Level 4.1 Stealth
 + Level 0.4 Shields
 + Level 4.5 Unarmed Combat
 + Level 0.4 Spellcasting
 + Level 0.2 Conjurations
 + Level 0.2 Hexes
 + Level 0.2 Charms
 + Level 0.2 Summonings
 + Level 0.2 Necromancy
 + Level 0.2 Translocations
 + Level 0.2 Transmutations
 + Level 0.2 Fire Magic
 + Level 0.2 Ice Magic
 + Level 0.2 Air Magic
 + Level 0.2 Earth Magic
 + Level 0.2 Poison Magic
 + Level 0.5 Invocations
 + Level 0.4 Evocations


You had one spell level left.
You didn't know any spells.

Dungeon Overview and Level Annotations

Branches:
Dungeon (1/15)

Altars:


Innate Abilities, Weirdness & Mutations

Your experience applies equally to all skills.
You have very sharp teeth.
Your uncanny sense of smell can sniff out nearby items.


Message History

The gnoll hits you with a club.
You barely miss the gnoll.
The gnoll is severely wounded.
The gnoll hits you but does no damage.
You hit the gnoll.
The gnoll is severely wounded.
The gnoll hits you with a club.
You hit the gnoll but do no damage.
The gnoll is severely wounded.
You hit the gnoll. You bite the gnoll, but do no damage.
The gnoll is severely wounded.
The gnoll barely misses you.
You barely miss the gnoll.
The gnoll is severely wounded.
The gnoll hits you with a club!
* * * LOW HITPOINT WARNING * * *
You hit the gnoll but do no damage.
The gnoll is severely wounded.
The gnoll hits you with a club.
You die...

### ##.# #..
....### # #.#
....... .####.#.#
....... ####
......#.##.......
#...
#..............#
#...
#...............
∆ #...
#...............
#...
#.......@g......
#...
#...............
#...
#...............
#...
#...............
#..####
#.........#####.
.......
...........
.##.###
###########.∆ # #
##..##


You could see a gnoll.

Vanquished Creatures
  A dart slug (D:1)
  3 bats (D:1)
  2 goblins (D:1)
  2 hobgoblins (D:1)
  3 jackals (D:1)
  A kobold (D:1)
12 creatures vanquished.

Notes
Turn   | Place    | Note
-------+----------+-------------------------------------------
     0 | D:1      | teukkam the Gnoll Wanderer began the quest for the Orb.
     0 | D:1      | teukkam set off with: a +2 shortbow, 24 arrows, 2 potions of lignification, a +0 robe, a +0 dagger, a bread ration
     0 | D:1      | Reached XP level 1. HP: 23/23 MP: 1/1
   132 | D:1      | Reached XP level 2. HP: 25/29 MP: 2/2
   454 | D:1      | Slain by a gnoll

Vault maps used:
D:1:      nagdon_arrival_double_spiral, minmay_tetromino_l2

Action                   || total
-------------------------++-------
Melee: Dagger            ||    67
       Bite              ||     4
       Punch             ||     1
 Fire: Shortbow          ||     2
  Use: Potion            ||     3
Armor: Skin              ||   203
       Robe              ||     7
       Leather armour    ||     1
Dodge: Dodged            ||    43

Table legend:
 A = Spawn XP
 B = Non-spawn XP
 C = Spawn XP percentage of total XP
 D = Spawn monster count
 E = Non-spawn monster count
 F = Spawn count percentage of total count
 G = Total turns spent on level
                    A         B        C        D         E        F      G
               +---------+---------+-------+---------+---------+-------+---------
         Total |       0 |      24 |   0.0 |       0 |      12 |   0.0 |   454
               +---------+---------+-------+---------+---------+-------+---------
           D:1 |       0 |      24 |   0.0 |       0 |      12 |   0.0 |   454
               +---------+---------+-------+---------+---------+-------+---------
